 Dungeon Crawl Stone Soup version 0.30-a0-141-g30f27751c5 (webtiles) character file.

Game seed: 269476730110800179

37 Julmuri the Magician (level 3, 0/19 HPs)
             Began as a Deep Elf Hedge Wizard on Sept 25, 2022.
             Slain by an orc
             ... wielding a +0 hand axe
              (2 damage)
             ... on level 3 of the Dungeon.
             The game lasted 00:05:28 (2712 turns).

Julmuri the Magician (Deep Elf Hedge Wizard)        Turns: 2712, Time: 00:05:28

Health: 0/19       AC:  2    Str:  7    XL:     3   Next: 23%
Magic:  7/11       EV: 12    Int: 20    God:
Gold:   104        SH:  0    Dex: 14    Spells: 11/12 levels left

rFire   . . .      SeeInvis .    a - +0 dagger
rCold   . . .      Faith    .    (no shield)
rNeg    . . .      Spirit   .    b - +0 robe
rPois   .          Reflect  .    c - +0 hat
rElec   .          Harm     .    (no cloak)
rCorr   .          Rampage  .    (no gloves)
Will    .....      Clarity  +    (no boots)
Stlth   ++........               (no amulet)
HPRegen 0.06/turn                (no ring)
MPRegen 0.12/turn                (no ring)

@: weak-willed, very slightly contaminated
A: clarity, MP-powered wands
a: no special abilities


You were on level 3 of the Dungeon.
You visited 1 branch of the dungeon, and saw 3 of its levels.

You collected 104 gold pieces.

Inventory:

Hand Weapons
 a - a +0 dagger (weapon)
Armour
 b - a +0 robe (worn)
 c - a +0 hat (worn)
Jewellery
 g - a +4 ring of slaying
Potions
 d - a potion of magic
 h - 2 potions of curing {unknown}


   Skills:
 + Level 2.8 Dodging
 + Level 2.7 Stealth
 + Level 5.3 Spellcasting
 + Level 1.9 Conjurations
 + Level 1.1 Summonings
 + Level 1.1 Translocations


You had 11 spell levels left.
You knew the following spells:

 Your Spells              Type           Power      Damage    Failure   Level
a - Magic Dart            Conj           52%        1d5       4%          1

Your spell library contained the following spells:

 Spells                   Type           Power      Damage    Failure   Level
 Slow                     Hex            20%        N/A       11%         1
 Blink                    Tloc           18%        N/A       11%         2
 Call Imp                 Summ           9%         N/A       11%         2
 Cigotuvi's Dreadful Rot  Necr/Pois/Air  10%        N/A       17%         2
 Mephitic Cloud           Conj/Pois/Air  7%         N/A       26%         3
 Confusing Touch          Hex            5%         N/A       32%         3
 Vampiric Draining        Necr           5%         2d6       32%         3


Dungeon Overview and Level Annotations

Branches:
Dungeon (3/15)

Altars:
Cheibriados
Kikubaaqudgha


Innate Abilities, Weirdness & Mutations

You possess an exceptional clarity of mind.
You expend magic power (3 MP) to strengthen your wands.


Message History

You kill the endoplasm!
HP restored.
Magic restored.
h - 2 sedimented clear potions (gained 1)
Found a stone staircase leading up.
Found a stone staircase leading down.
Found a stone staircase leading down.
There is a stone staircase leading down here.
An orc comes into view. It is wielding a +0 hand axe.
The orc shouts!
There is a stone staircase leading down here.
The magic dart hits the orc.
The orc is moderately wounded.
The magic dart hits the orc but does no damage.
The orc is moderately wounded.
The orc hits you with a +0 hand axe.
The magic dart hits the orc.
The orc is severely wounded.
The orc hits you with a +0 hand axe.
You miscast Magic Dart.
You are very lightly contaminated with residual magic.
Nothing appears to happen.
The orc hits you with a +0 hand axe.
You are too injured to fight recklessly!
You are too injured to fight recklessly!
You are too injured to fight recklessly!
You are too injured to fight recklessly!
As you read the scroll labelled CIGATAAXOT, it crumbles to dust.
It is a scroll of amnesia.
Okay, then.
The orc hits you with a +0 hand axe.
* * * LOW HITPOINT WARNING * * *
As you read the scroll labelled PAEGOXKOBO, it crumbles to dust.
Magic quickly surges around you.
It was a scroll of vulnerability.
The orc hits you with a +0 hand axe.
* * * LOW HITPOINT WARNING * * *
It was a potion of mutation.
You feel extremely strange.
You feel your magical essence link to the dungeon's wands.
Your thoughts seem clearer.
The orc hits you with a +0 hand axe.
You die...

########..# #.>.....#
#.######..# #.# ....
###.#### #### #......#
# #.#.##.# #######.#
#o#..#.# #.......# ###
#@#.#..# #.......#
....#..###.###...<...#
....## ##...........
....## ##.#.>......
##.#.## ##..#.......#
... #.###.#.#.......#
### #..#.##.#######.#
#.#.###.## #
#.#.###..#


You could see an orc (weak-willed).

Vanquished Creatures
  A worm (D:2)
  An endoplasm (D:3)
  3 giant cockroaches
  4 goblins
  6 hobgoblins
  4 kobolds
  4 quokkas (D:1)
  A ball python (D:1)
  3 bats
  3 rats
30 creatures vanquished.

Notes
Turn   | Place    | Note
-------+----------+-------------------------------------------
     0 | D:1      | Julmuri the Deep Elf Hedge Wizard began the quest for the
                  | Orb.
     0 | D:1      | Reached XP level 1. HP: 10/10 MP: 7/7
   169 | D:1      | Found a faded altar of an unknown god.
   256 | D:1      | Reached skill level 5 in Spellcasting
   672 | D:1      | Reached XP level 2. HP: 15/15 MP: 6/10
  1433 | D:1      | Found a snail-covered altar of Cheibriados.
  1701 | D:2      | Found an ancient bone altar of Kikubaaqudgha.
  2106 | D:2      | Reached XP level 3. HP: 19/19 MP: 9/11
  2712 | D:3      | Gained mutation: You expend magic power (3 MP) to
                  | strengthen your wands. [potion of mutation]
  2712 | D:3      | Gained mutation: You possess an exceptional clarity of
                  | mind. [potion of mutation]
  2712 | D:3      | Slain by an orc

Illustrated notes

Levels and vault maps discovered:
D:1:      dpeg_arrival_lava_altar, layout_loops_cross,
          chequers_ecumenical_altar_grove
D:2:      layout_basic, basic_altar
D:3:      layout_loops_cross, nicolae_hepliaklqana_monster_ancestors,
          gammafunk_ghost_mausoleum, nrook_mini_backslash

Skill      XL: |  1 |
---------------+----+-----
Spellcasting   | 5 |  5.3
Dodging        | |  2.8
Stealth        | |  2.7
Conjurations   | |  1.9
Summonings     | |  1.1
Translocations | |  1.1

Action                   || total
-------------------------++-------
Melee: Dagger            ||    24
       Punch             ||     1
 Cast: Magic Dart        ||    96
  Use: Potion            ||     2
       Scroll            ||     2
Armor: Robe              ||     4
Dodge: Dodged            ||    36

Table legend: (Time is in decaauts)
 A = Elapsed time spent in this place.
 B = Non-inter-level travel time spent in this place.
 C = Inter-level travel time spent in this place.
 D = Time resting spent in this place.
 E = Time spent auto-exploring this place.
 F = Levels seen in this place.
 G = Mean time per level.
                   A        B        C        D        E       F      G
               +--------+--------+--------+--------+--------+-----+--------+
         Total |   2711 |   2668 |     43 |    254 |   1961 |   3 |  903.7 |
       Dungeon |   2711 |   2668 |     43 |    254 |   1961 |   3 |  903.7 |
               +--------+--------+--------+--------+--------+-----+--------+

Top non-repeatable levels by time:
     D:1: 1460 daAuts
     D:2: 1126 daAuts
     D:3: 124 daAuts
